 Dungeon Sprint DCSS version 0.21.1-1-g345015f (webtiles) character file.

299 Mesmaeker13 the Ducker (level 6, -14/71 HPs)
             Began as an Ogre Hunter on Apr 13, 2018.
             Demolished by Sonja
             ... wielding a +0 dagger of distortion
              (18 damage)
             ... in the Dungeon (Sprint I: "Red Sonja").
             The game lasted 00:01:37 (207 turns).

Mesmaeker13 the Ducker (Ogre Hunter)                 Turns: 207, Time: 00:01:38

Health: -14/71     AC:  5    Str: 18    XL:     6   Next: 36%
Magic:  6/6        EV: 13    Int: 12    God:
Gold:   297        SH:  0    Dex: 10    Spells: 5/5 levels left

rFire    . . .     SeeInvis .   l - +0 giant spiked club
rCold    . . .     Gourm    .   (shield currently unavailable)
rNeg     . . .     Faith    .   a - +2 robe {MR+}
rPois    .         Spirit   .   (helmet restricted)
rElec    .         Reflect  .   (no cloak)
rCorr    .         Harm     .   (gloves unavailable)
MR       +....     NoTele   +   (boots unavailable)
Stlth    +.........             (no amulet)
HPRegen  0.21/turn              (no ring)
MPRegen  0.10/turn              (no ring)

@: lethally poisoned (-14 -> -46), hasted and slowed
A: large, unfitting armour, tough skin 1
a: no special abilities


You were in the Dungeon.
You were not hungry.

You visited 1 branch You collected 297 gold pieces.

Inventory:

Hand Weapons
 l - a +0 giant spiked club (weapon)
Armour
 a - a +2 robe of magic resistance (worn)
Scrolls
 k - a scroll of blinking
 m - a scroll of amnesia {unknown}
Potions
 i - 2 potions of magic
 j - a potion of berserk rage
Books
 b - a book of Minor Magic

   Spells                             Type                      Level
   a - Magic Dart                     Conjuration                  1
   b - Blink                          Translocation                2
   c - Call Imp                       Summoning                    2
   d - Slow                           Hexes                        2
   e - Conjure Flame                  Conjuration/Fire             3
   f - Mephitic Cloud                 Conjuration/Poison/Air       3
Comestibles
 f - a ration


   Skills:
 - Level 7.5 Fighting
 + Level 5.6 Maces & Flails
 - Level 6.7 Throwing
 + Level 7.8 Dodging
 - Level 0.6 Stealth


You had 5 spell levels left.
You didn't know any spells.

Dungeon Overview and Level Annotations

Branches:
Dungeon (1/1)

Altars:
Sif Muna
Vehumet
Wu Jian

Annotations:
D Sonja


Innate Abilities, Weirdness & Mutations

You are too large for most types of armour.
You have tough skin. (AC +1)


Message History

You have difficulty breathing.
* * * LOW HITPOINT WARNING * * *
You feel as though you will be slow longer.
There is an open door here.
You see here 2 curare-tipped needles.
You barely miss Sonja.
* * * LOW HITPOINT WARNING * * *
You feel very sick.
Sonja unwields an uncursed enchanted blowgun.
Sonja wields an uncursed dagger of distortion.
Its appearance distorts for a moment.
Sonja hits you with an uncursed dagger of distortion.
* * * LOW HITPOINT WARNING * * *
You feel a strange sense of stasis. Sonja hits you but does no damage.
Space bends around you.
* * * LOW HITPOINT WARNING * * *
Sonja hits you with an uncursed dagger of distortion.
* * * LOW HITPOINT WARNING * * *
Space warps horribly around you!
You die...

################
#<.#.)'..#..'.(#
#..)..#..[).#..+
#..#####'#####'#
#..# #..#...#(#
#..# ####..##.#
#..# ##(#_.+
#⌠⌠# +(..K# ####
#_.#@# ##'#(#
#.### $.$ $.$
##.## #+#


You could see Sonja.

Vanquished Creatures
  Sigmund (D)
  An ogre (D)
  A jelly (D)
  Ijyb (D)
4 creatures vanquished.

Notes
Turn   | Place    | Note
-------+----------+-------------------------------------------
     0 | D        | Mesmaeker13 the Ogre Hunter began the quest for the Orb.
     0 | D        | Reached XP level 1. HP: 22/22 MP: 1/1
     1 | D        | Noticed Ijyb
     8 | D        | Killed Ijyb
     8 | D        | Reached skill level 5 in Fighting
     8 | D        | Reached skill level 5 in Throwing
     8 | D        | Reached XP level 2. HP: 24/35 MP: 2/2
     8 | D        | Reached XP level 3. HP: 29/42 MP: 3/3
    97 | D        | Noticed an ogre
    99 | D        | Killed an ogre
    99 | D        | Reached skill level 5 in Dodging
    99 | D        | Reached XP level 4. HP: 55/55 MP: 4/4
   118 | D        | Noticed Sigmund
   123 | D        | Killed Sigmund
   123 | D        | Reached skill level 5 in Maces & Flails
   123 | D        | Reached XP level 5. HP: 56/62 MP: 5/5
   123 | D        | Reached XP level 6. HP: 64/71 MP: 6/6
   153 | D        | Found a deep blue altar of Sif Muna.
   154 | D        | Found an ornate altar of the Wu Jian Council.
   155 | D        | Found a radiant altar of Vehumet.
   182 | D        | Noticed Sonja
   207 | D        | Demolished by Sonja

Skill      XL: |  1  2  3  4 |
---------------+-------------+-----
Fighting       | 5 7 |  7.5
Throwing       | 5 6 |  6.7
Dodging        | 3 5 7 |  7.8
Maces & Flails | 5 |  5.6
Stealth        | |  0.6

Action                   |  1- 3 |  4- 6 || total
-------------------------+-------+-------++-------
Melee: Short sword       |     6 |       ||     6
       Giant spiked club |       |     7 ||     7
Throw: Large rock        |     3 |     5 ||     8
       Throwing net      |       |     4 ||     4
  Use: Potion            |       |     3 ||     3
Armor: Robe              |       |     3 ||     3
Dodge: Dodged            |     2 |    10 ||    12
